 Dungeon Crawl Stone Soup version 0.29-a0-886-gfb1a3fa8b1 (webtiles) character file.

Game seed: 10793930754526471852

22 Garessta the Vexing (level 2, -3/19 HPs)
             Began as a Demonspawn Enchanter on July 21, 2022.
             Engulfed by a cloud of flame (22 damage)
             ... on level 1 of the Dungeon.
             The game lasted 00:01:59 (1455 turns).

Garessta the Vexing (Demonspawn Enchanter)          Turns: 1455, Time: 00:02:00

Health: -3/19      AC:  4    Str:  8    XL:     2   Next: 68%
Magic:  5/5        EV: 12    Int: 16    God:
Gold:   61         SH:  0    Dex: 13    Spells: 4/6 levels left

rFire   . . .      SeeInvis .   a - +1 dagger
rCold   . . .      Faith    .   (no shield)
rNeg    . . .      Spirit   .   b - +0 robe
rPois   .          Reflect  .   (no helmet)
rElec   .          Harm     .   (no cloak)
rCorr   .          Rampage  .   k - +0 pair of gloves
Will    .....                   h - +0 pair of boots
Stlth   ++........              (no amulet)
HPRegen 0.06/turn               (no ring)
MPRegen 0.09/turn               (no ring)

@: no status effects
A: demonic touch 1
a: no special abilities


You were on level 1 of the Dungeon.
You visited 1 branch of the dungeon, and saw 1 of its levels.

You collected 61 gold pieces.

Inventory:

Hand Weapons
 a - a +1 dagger (weapon)
Armour
 b - a +0 robe (worn)
 h - a +0 pair of boots (worn)
 k - a +0 pair of gloves (worn)
Scrolls
 d - a scroll of fog {unknown}
 g - a scroll of magic mapping {unknown}
 j - a scroll of vulnerability {unknown}
Potions
 c - 3 potions of invisibility
 e - a potion of attraction {unknown}
 f - a potion of degeneration {unknown}
 i - a potion of haste {unknown}


   Skills:
 - Level 0.8 Short Blades
 - Level 1.7 Dodging
 - Level 2.6 Stealth
 + Level 2.6 Spellcasting
 + Level 3.5 Hexes


You had 4 spell levels left.
You knew the following spells:

 Your Spells              Type           Power      Damage    Failure   Level
a - Ensorcelled Hibernat  Hex/Ice        14%        N/A       14%         2

Your spell library contained the following spells:

 Spells                   Type           Power      Damage    Failure   Level
 Confusing Touch          Hex            13%        N/A       14%         3
 Tukima's Dance           Hex            13%        N/A       14%         3
 Dazzling Flash           Conj/Hex       14%        N/A       28%         3
 Ozocubu's Armour         Ice            2%         N/A       52%         3
 Ozocubu's Refrigeration  Ice            1%         4d5       100%        7


Dungeon Overview and Level Annotations

Branches:
Dungeon (1/15)

Altars:


Innate Abilities, Weirdness & Mutations

Your touch may inflict minor irresistible damage on your foes.


Message History

You puncture the ball python!
You kill the ball python!
A hobgoblin is nearby!
The hobgoblin shouts!
You hit the hobgoblin.
The hobgoblin is moderately wounded.
The hobgoblin hits you.
You completely miss the hobgoblin.
The hobgoblin is moderately wounded.
The hobgoblin misses you.
The hobgoblin looks drowsy...
The helpless hobgoblin fails to defend itself.
You puncture the hobgoblin!
You kill the hobgoblin!
No target in view!
j - a scroll labelled GISTISTR TOUFIM You now have 61 gold pieces (gained 18).
You see here a hobgoblin corpse.
There is a large open door here.
You open the door.
Found a pair of gloves.
There is an open door here.
You see here a +0 pair of gloves.
k - a +0 pair of gloves You start putting on your armour.
You continue putting on your +0 pair of gloves. x4
You finish putting on your +0 pair of gloves.
There is an open door here.
There is a large open door here.
Things that are here:
a +0 dagger; a +0 dagger
Found a club.
Really walk into a travel-excluded area?
Press: ? - help, v - describe, . - travel, g - get item Item here: Great Wizards, Vol.
VII.
The floor.
There is a cloud of flame here.
You are engulfed in blazing flames.
Ouch! That really hurt!
You die...

###########.####
####......(.......##
......#####.#####..#
####.## #...# ##.#
##...# #§§.# #.#
†..### #.§§# #.#
#### #...# #.#
##########...#####.#
......§°☼..?$.§○@..#
####..§○☼...).☼§°..#
##.○☼§.!...○§§.##
#####...###### #°§ #
# #○ .# ###### # §§#
.....#####...#
####....†...#


There were no monsters in sight!

Vanquished Creatures
  A dart slug (D:1)
  An endoplasm (D:1)
  3 goblins (D:1)
  4 hobgoblins (D:1)
  3 jackals (D:1)
  A quokka (D:1)
  A ball python (D:1)
  A bat (D:1)
  3 rats (D:1)
18 creatures vanquished.

Vanquished Creatures (others)
  4 plants (D:1)
4 creatures vanquished.

Grand Total: 22 creatures vanquished

Notes
Turn   | Place    | Note
-------+----------+-------------------------------------------
     0 | D:1      | Garessta the Demonspawn Enchanter began the quest for the
                  | Orb.
     0 | D:1      | Reached XP level 1. HP: 13/13 MP: 3/3
   135 | D:1      | Found a faded altar of an unknown god.
   655 | D:1      | Gained mutation: Your touch may inflict minor irresistible
                  | damage on your foes. [demonic ancestry]
   655 | D:1      | Reached XP level 2. HP: 17/19 MP: 5/5
   953 | D:1      | Learned a level 2 spell: Ensorcelled Hibernation
  1455 | D:1      | Engulfed by a cloud of flame

Illustrated notes

Levels and vault maps discovered:
D:1:      denvon_arrival_planthouse, layout_loops_cross,
          ebering_ecumenical_altar_sacrificial, corexii_leaking_fountain,
          lemuel_flame_loot_1

Action                   || total
-------------------------++-------
Melee: Dagger            ||    66
       Touch             ||     5
 Cast: Ensorcelled Hiber ||     4
 Stab: Sleeping          ||     3
Armor: Robe              ||     8
Dodge: Dodged            ||    32

Table legend: (Time is in decaauts)
 A = Elapsed time spent in this place.
 B = Non-inter-level travel time spent in this place.
 C = Inter-level travel time spent in this place.
 D = Time resting spent in this place.
 E = Time spent auto-exploring this place.
 F = Levels seen in this place.
 G = Mean time per level.
                   A        B        C        D        E       F      G
               +--------+--------+--------+--------+--------+-----+--------+
         Total |   1452 |   1452 |      0 |    281 |    986 |   1 | 1452.0 |
       Dungeon |   1452 |   1452 |      0 |    281 |    986 |   1 | 1452.0 |
               +--------+--------+--------+--------+--------+-----+--------+

Top non-repeatable levels by time:
     D:1: 1452 daAuts
